 Dungeon Crawl Stone Soup version 0.19-a0-1091-g463c9de (webtiles) character file.

72 4thArraOfDagon the Ruffian (level 4, -1/40 HPs)
             Began as a Troll Arcane Marksman on Aug 7, 2016.
             Slain by a centaur (5 damage)
             ... on level 6 of the Dungeon.
             The game lasted 00:02:44 (647 turns).

4thArraOfDagon the Ruffian (Troll Arcane Marksman)   Turns: 647, Time: 00:02:45

Health: -1/40      AC:  5    Str: 19    XL:     4   Next: 6%
Magic:  4/4        EV: 10    Int: 15    God:
Gold:   40         SH:  0    Dex:  9    Spells: 1 memorised, 4 levels left

rFire  . . .     SeeInvis .       - Unarmed
rCold  . . .     Gourm    +     a - +0 robe
rNeg   . . .     Faith    .     (no shield)
rPois  .         Spirit   .     (helmet restricted)
rElec  .         Dismiss  .     (no cloak)
rCorr  .         Reflect  .     (gloves unavailable)
SustAt .         Harm     .     (boots unavailable)
MR     .....                    (no amulet)
Stlth  ++........               (no ring)
                                i - ring of stealth

@: brilliant
A: unfitting armour, claws 3, fast metabolism 3, gourmand, regeneration 2,
shaggy fur 1, tough skin 2
a: no special abilities


You were on level 6 of the Dungeon.
You were very full.

You visited 1 branch of the dungeon, and saw 6 of its levels.

You collected 40 gold pieces.

Inventory:

Missiles
 c - 4 large rocks (quivered)
Armour
 a - a +0 robe (worn)
Jewellery
 i - a ring of stealth (left claw)
Wands
 o - a wand of enslavement (6/24)
Scrolls
 g - a scroll of teleportation {unknown}
 h - a scroll of fear {unknown}
 j - a scroll of random uselessness {unknown}
 k - 3 scrolls of identify {unknown}
Potions
 e - 2 potions of brilliance
 m - a potion of heal wounds {unknown}
 n - a potion of degeneration {unknown}
Books
 b - a book of Debilitation

   Spells                             Type                      Level
   a - Corona                         Hexes                        1
   b - Slow                           Hexes                        2
   c - Gell's Gravitas                Hexes/Translocation          3
   d - Inner Flame                    Hexes/Fire                   3
   e - Cause Fear                     Hexes                        4
   f - Leda's Liquefaction            Hexes/Earth                  4
Comestibles
 f - 3 bread rations
 l - a meat ration


   Skills:
 - Level 0.7 Fighting
 - Level 1.7 Throwing
 - Level 1.5 Dodging
 * Level 3.7 Unarmed Combat
 - Level 1.0 Spellcasting
 - Level 2.0 Hexes


You had 4 spell levels left.
You knew the following spells:

 Your Spells              Type           Power        Failure   Level  Hunger
a - Corona                Hex            ###....      1%          1    ##.....


Dungeon Overview and Level Annotations

Branches:
Dungeon (6/15)
 Temple: D:4-7

Altars:


Innate Abilities, Weirdness & Mutations

You are too large for most types of armour.
You have claws for hands.
Your metabolism is lightning-fast.
You like to eat raw meat.
You heal very quickly.
You are covered in fur. (AC +1)
You have very tough skin. (AC +2)


Message History

The net rips apart, and the centaur comes free!
You barely miss the centaur.
The centaur is lightly wounded.
The centaur hits you.
* * * LOW HITPOINT WARNING * * *
You scratch the centaur.
The centaur is heavily wounded.
The centaur hits you.
* * * LOW HITPOINT WARNING * * *
The centaur misses you.
Unknown command.
Unknown command.
You scratch the centaur but do no damage.
The centaur is heavily wounded.
The centaur hits you but does no damage.
Unknown command.
It was a potion of brilliance.
You feel clever all of a sudden. The centaur hits you.
You die...

##..... ##....?##
##.......##
#.....$.(.#
+.........+
#.........#
#..[c..(# #.@...#
##(..## ##'##
###.#######
#.........#
#.........# ###
#....###..##
##...####...........
#.............##..##


You could see a centaur.

Vanquished Creatures
  A centaur zombie (D:5)
  A worker ant (D:4)
  3 giant geckos
  3 orcs
  A quokka (D:5)
  A giant newt (D:4)
10 creatures vanquished.

Notes
Turn   | Place    | Note
-------+----------+-------------------------------------------
     0 | D:1      | 4thArraOfDagon the Troll Arcane Marksman began the quest for the Orb.
     0 | D:1      | Reached XP level 1. HP: 18/18 MP: 1/1
   114 | D:4      | Noticed an orc wizard
   227 | D:4      | Noticed a worker ant
   295 | D:4      | Reached skill level 1 in Unarmed Combat
   363 | D:4      | Reached XP level 2. HP: 23/26 MP: 2/2
   393 | D:4      | Reached skill level 2 in Unarmed Combat
   393 | D:4      | Reached XP level 3. HP: 12/32 MP: 3/3
   421 | D:5      | Entered Level 5 of the Dungeon
   594 | D:5      | Reached skill level 3 in Unarmed Combat
   594 | D:5      | Reached XP level 4. HP: 32/40 MP: 4/4
   632 | D:6      | Noticed a centaur
   647 | D:6      | Slain by a centaur

Vault maps used:
D:1:      sevenhm_arrival_forest_fort_large_2, minmay_misc_feat_alley,
          dk_noncrumbling_3
D:2:      makhleb_heckhound_becter, lemuel_crystal_altar, minmay_crystal_water,
          uniq_natasha, uniq_jessica, uniq_sigmund
D:3:      kennysheep_goblin_castle, gammafunk_temple_overflow_wave,
          minmay_misc_feat_square
D:4:      first_bread, minmay_door_square, serial_bayou_lake_a, uniq_edmund
D:5:      elyvilon_altar_3
D:6:      vehumet_statue, grunt_decor_one_mirror, minmay_item_behind_shaft,
          nicolae_dithmenos_the_darkroom, uniq_duvessa, uniq_grinder

Skill      XL: |  1  2  3 |
---------------+----------+-----
Unarmed Combat | 1 2 3 |  3.7
Fighting       | |  0.7
Throwing       | |  1.7
Dodging        | |  1.5
Spellcasting   | |  1.0
Hexes          | |  2.0

Action                   |  1- 3 |  4- 6 || total
-------------------------+-------+-------++-------
Melee: Unarmed           |    32 |    10 ||    42
Throw: Throwing net      |       |     2 ||     2
  Use: Potion            |       |     1 ||     1
 Stab: Sleeping          |     1 |     1 ||     2
  Eat: Chunk             |     9 |       ||     9
Armor: Robe              |    11 |     2 ||    13
Dodge: Dodged            |    13 |     5 ||    18
